 Dungeon Crawl Stone Soup version 0.31-a0-210-gccc998df9b (webtiles) character file.

Game seed: 3151890499719926723

406 qw the Shooter (level 6, -5/52 HPs)
             Began as a Minotaur Hexslinger on June 30, 2023.
             Slain by an ice beast (14 damage)
             ... on level 5 of the Dungeon.
             The game lasted 00:01:04 (2900 turns).

qw the Shooter (Minotaur Hexslinger)                Turns: 2900, Time: 00:01:05

Health: -5/52      AC:  5    Str: 12    XL:     6   Next: 56%
Magic:  6/6        EV: 11    Int: 10    God:
Gold:   186        SH:  0    Dex: 15    Spells: 6/7 levels left

rFire   . . .        b - +1 sling (heavy)
rCold   . . .        (no shield)
rNeg    . . .        j - +0 ring mail
rPois   .            (helmet restricted)
rElec   .            (no cloak)
rCorr   +            (no gloves)
SInv    .            (no boots)
Will    .....        (no amulet)
Stlth   +            h - ring of resist corrosion
HPRegen 0.28/turn    (no ring)
MPRegen 0.10/turn

%: no passive effects
@: about to teleport
A: horns 2, retaliatory headbutt
a: no special abilities


You were on level 5 of the Dungeon.
You visited 1 branch of the dungeon, and saw 5 of its levels.

You collected 186 gold pieces.


Innate Abilities, Weirdness & Mutations

You have a pair of horns on your head.
You reflexively headbutt those who attack you in melee.


   Skills:
 - Level 4.0 Fighting
 + Level 6.7 Ranged Weapons
 - Level 1.3 Armour
 - Level 2.1 Dodging
 - Level 1.0 Spellcasting
 - Level 2.0 Hexes


You had 6 spell levels left.
You knew the following spells:

 Your Spells              Type           Power      Damage    Failure   Level
a - Slow                  Hex            16%        N/A       32%         1

Your spell library contained the following spells:

 Spells                   Type           Power      Damage    Failure   Level
 Inner Flame              Hex/Fire       2%         N/A       83%         3
 Portal Projectile        Hex/Tloc       4%         N/A       83%         3
 Cause Fear               Hex            2%         N/A       97%         4

Inventory:

Hand Weapons
 b - a +1 heavy sling (weapon)
Armour
 d - a +0 pair of boots
 j - a +0 ring mail (worn)
Jewellery
 a - a ring of fire
 h - a ring of resist corrosion (left hand)
Scrolls
 e - a scroll of identify
Potions
 g - a potion of haste {unknown}
 i - a potion of degeneration {unknown}
 k - a potion of might {unknown}
 l - a potion of berserk rage {unknown}
 m - a potion of magic {unknown}

Dungeon Overview and Level Annotations

Branches:
Dungeon (5/15)
 Temple: D:4-7

Altars:
Qazlal


Message History

Found a stone staircase leading down.
There is an open door here.
Enter note: 2 jackals come into view.
The jackal barks!
A jackal comes into view.
The jackal moves out of view.
Enter note: You shoot a sling bullet.
The jackal barks!
The sling bullet hits the jackal!
You kill the jackal!
A jackal comes into view.
You shoot a sling bullet. The sling bullet hits the jackal.
The jackal is severely wounded.
An ice beast comes into view.
The jackal misses you.
You shoot a sling bullet. The sling bullet hits the jackal!
You kill the jackal!
The ice beast misses you.
You shoot a sling bullet.
The sling bullet hits the ice beast but does no damage.
The ice beast hits you. The ice beast freezes you!
You shoot a sling bullet.
The sling bullet hits the ice beast but does no damage.
The ice beast misses you. You furiously retaliate!
You headbutt the ice beast! The ice beast hits you. The ice beast freezes you!
You shoot a sling bullet. The sling bullet hits the ice beast.
The ice beast is heavily wounded.
The ice beast barely misses you.
The ice beast hits you but does no damage.
You shoot a sling bullet. The sling bullet hits the ice beast.
The ice beast is heavily wounded.
The ice beast closely misses you. The ice beast hits you.
The ice beast freezes you!
2900 ||| READING scroll of teleportation.
As you read the scroll of teleportation, it crumbles to dust.
You feel strangely unstable. The ice beast hits you. The ice beast freezes you!
You die...

# .. ... ..# ..
######h# #...@Yh#
#.###### #.#
#############.##
...............#
#'#.##########+###
....# #..........
....#####...........
........#...........##


You could see an ice beast and 2 jackals.

Vanquished Creatures
  Duvessa (D:4)
  Dowan (D:4)
  A hound (D:4)
  An orc priest (D:3)
  4 adders
  5 gnolls
  An ufetubus (D:4)
  2 worms (D:3)
  4 dart slugs
  12 orcs
  7 endoplasms
  2 giant cockroaches
  4 goblins
  6 hobgoblins
  10 jackals
  5 quokkas
  3 bats
  3 frilled lizards
  10 kobolds
  5 rats
87 creatures vanquished.

Notes
Turn   | Place    | Note
-------+----------+-------------------------------------------
     0 | D:1      | qw the Minotaur Hexslinger began the quest for the Orb.
     0 | D:1      | Reached XP level 1. HP: 16/16 MP: 1/1
     0 | D:1      | 0 ||| qw: Version: 0.3-a-26-gee661ec
     0 | D:1      | 0 ||| qw: Game counter: 7217
     0 | D:1      | 0 ||| qw: Melee chars always use a shield: true
     0 | D:1      | 0 ||| qw: God list: Okawaru
     0 | D:1      | 0 ||| qw: Allow faded altars: false
     0 | D:1      | 0 ||| qw: Do Orc after clearing Dungeon:15 true
     0 | D:1      | 0 ||| qw: Do second Lair branch before Depths: true
     0 | D:1      | 0 ||| qw: Lair rune preference: random
     0 | D:1      | 0 ||| qw: Goals: Normal
     0 | D:1      | 0 ||| PLANNING D:1-11
   184 | D:1      | Reached skill level 3 in Ranged Weapons
   259 | D:1      | Reached XP level 2. HP: 15/23 MP: 2/2
   537 | D:1      | 537 ||| READING scroll labelled EFIG IPHIEMESOGI.
   538 | D:1      | 538 ||| READING 2 scrolls labelled UNAFOD SOMOXI.
   539 | D:1      | 539 ||| READING scroll labelled LULURI CUNUR.
   544 | D:1      | 544 ||| READING scroll labelled XUTHIO MEXONG.
   545 | D:1      | 545 ||| DRINKING 2 bubbling red potions.
   588 | D:1      | 588 ||| DROPPING scroll of poison.
   589 | D:1      | 589 ||| DROPPING potion of lignification.
   607 | D:2      | 607 ||| STAIRDANCE
   678 | D:2      | Reached XP level 3. HP: 29/29 MP: 3/3
   766 | D:2      | Reached skill level 4 in Ranged Weapons
   972 | D:2      | Found a faded altar of an unknown god.
  1148 | D:2      | 1148 ||| UPGRADING to +0 leather armour.
  1158 | D:2      | 1158 ||| DROPPING +0 robe.
  1159 | D:2      | 1159 ||| UPGRADING to +0 ring mail.
  1169 | D:2      | 1169 ||| DROPPING +0 leather armour.
  1170 | D:2      | 1170 ||| UPGRADING to ring of resist corrosion.
  1171 | D:2      | 1171 ||| READING scroll labelled SOERAL FIQOU.
  1172 | D:2      | 1172 ||| READING scroll labelled QIGGAS WIAT.
  1227 | D:3      | Reached skill level 1 in Armour
  1227 | D:3      | Reached XP level 4. HP: 36/36 MP: 4/4
  1478 | D:3      | Reached skill level 5 in Ranged Weapons
  1914 | D:3      | 1914 ||| READING scroll labelled QAPHEU TOKEAM.
  1915 | D:3      | 1915 ||| READING scroll labelled VAH MAKOXINOU.
  1916 | D:3      | 1916 ||| READING scroll labelled EFOFRI ARAVAON.
  1917 | D:3      | 1917 ||| READING 2 scrolls of identify.
  1917 | D:3      | 1917 ||| IDENTIFYING ruby potion
  2003 | D:4      | Reached XP level 5. HP: 44/44 MP: 5/5
  2008 | D:4      | Reached skill level 3 in Fighting
  2010 | D:4      | HP: 10/45 [gnoll/+2 spear of flaming (3)]
  2011 | D:4      | HP: 3/45 [gnoll/+2 spear of flaming (2)]
  2171 | D:4      | Noticed Duvessa
  2171 | D:4      | Noticed Dowan
  2178 | D:4      | HP: 8/45 [Dowan/puff of flame (8)]
  2179 | D:4      | Killed Duvessa
  2180 | D:4      | Reached skill level 6 in Ranged Weapons
  2180 | D:4      | Reached XP level 6. HP: 9/51 MP: 6/6
  2180 | D:4      | HP: 2/51 [Dowan/+0 dagger (2)]
  2186 | D:4      | HP: 3/51 [Dowan/+0 dagger (1)]
  2187 | D:4      | Killed Dowan
  2690 | D:4      | Found a stormy altar of Qazlal.
  2800 | D:4      | 2800 ||| READING scroll labelled PABRUBB JITS.
  2801 | D:4      | 2801 ||| READING scroll labelled WUIMIU UFFIMYIWN.
  2802 | D:4      | 2802 ||| DRINKING 2 red potions.
  2803 | D:4      | 2803 ||| DRINKING potion of curing.
  2803 | D:4      | 2803 ||| (to cure confusion)
  2804 | D:4      | 2804 ||| DROPPING potion of ambrosia.
  2828 | D:5      | Entered Level 5 of the Dungeon
  2894 | D:5      | Noticed an ice beast
  2899 | D:5      | HP: 12/52 [ice beast (14)]
  2900 | D:5      | 2900 ||| READING scroll of teleportation.
  2900 | D:5      | Slain by an ice beast

Levels and vault maps discovered:
D:1:      scummos_arrival_gate, layout_basic
D:2:      layout_rooms, chequers_ecumenical_altar_island, st_stairs_14
D:3:      layout_basic, serial_forest, infiniplex_forest_clump_tiny,
          infiniplex_forest_end_3, infiniplex_forest_end_1,
          infiniplex_forest_clump_small, infiniplex_forest_clump_long,
          infiniplex_forest_straight_2, infiniplex_forest_clump_C,
          infiniplex_forest_straight_2, infiniplex_forest_end_double,
          infiniplex_forest_zigzag_1, st_stairs_1, glass_columns_b,
          serial_bayou_ford_a, minmay_surrounded
D:4:      layout_cave_pools, lemuel_doored_altar,
          nicolae_elevator_lobby_asterisk, uniq_duvessa
D:5:      kennysheep_windowed_halls, layout_basic, grunt_tough_drop

Skill      XL: |  1  2  3  4  5  6 |
---------------+-------------------+-----
Ranged Weapons | 3 4 5 6 |  6.7
Fighting       | 2 3 4 |  4.0
Armour         | 1 |  1.3
Dodging        | |  2.1
Spellcasting   | |  1.0
Hexes          | |  2.0

Action                     |  1- 3 |  4- 6 || total
---------------------------+-------+-------++-------
   Fire: Sling             |    80 |   135 ||   215
    Use: Scroll            |     6 |     7 ||    13
         Potion            |     1 |     2 ||     3
 Armour: Robe              |     7 |       ||     7
         Ring mail         |     2 |    18 ||    20
  Dodge: Dodged            |    29 |    52 ||    81

Table legend:
 A = Non-vault XP
 B = Vault XP
 C = Vault XP percentage of total XP
 D = Non-vault monster count
 E = Vault monster count
 F = Vault count percentage of total count
                 A         B        C        D         E       F
            +---------+---------+-------+---------+---------+-------
      Total |     346 |     235 |  40.4 |      78 |       9 |  10.3
            +---------+---------+-------+---------+---------+-------
        D:1 |      19 |       0 |   0.0 |      10 |       0 |   0.0
        D:2 |      60 |       2 |   3.2 |      20 |       1 |   4.8
        D:3 |      84 |      19 |  18.4 |      18 |       6 |  25.0
        D:4 |     179 |     214 |  54.5 |      28 |       2 |   6.7
        D:5 |       4 |       0 |   0.0 |       2 |       0 |   0.0
            +---------+---------+-------+---------+---------+-------
